 Dungeon Crawl Stone Soup version 0.17-a0-489-g3d1acac (webtiles) character file.

83 TMix the Grave Robber (level 4, -8/31 HPs)
             Began as a Human Necromancer on Apr 9, 2015.
             Killed by divine providence
             ... invoked by an orc priest
              (11 damage)
             ... on level 3 of the Dungeon.
             The game lasted 00:13:44 (2310 turns).

TMix the Grave Robber (Human Necromancer)           Turns: 2310, Time: 00:13:44

Health: -8/31      AC:  2    Str:  8    XL:     4   Next: 71%
Magic:  2/8        EV: 12    Int: 16    God:
Gold:   74         SH:  3    Dex: 14    Spells: 3 memorised, 4 levels left

rFire  . . .     SeeInvis .     h - +2 dagger (holy)
rCold  . . .     Clarity  .     a - +0 robe
rNeg   + . .     SustAb   .     s - +0 buckler (curse)
rPois  .         Gourm    .     (no helmet)
rElec  .         Spirit   .     (no cloak)
rCorr  .         Warding  +     (no gloves)
rMut   .         Stasis   .     (no boots)
MR     .....                    d - amulet of warding
Stlth  ++........               (no ring)
                                (no ring)

@: not resistant to hostile enchantments, unstealthy
A: no striking features
a: no special abilities


You were on level 3 of the Dungeon.
You were not hungry.

You visited 1 branch of the dungeon, and saw 3 of its levels.

You collected 74 gold pieces.

Inventory:

Hand weapons
 e - a +0 short sword
 g - a +0 dagger
 h - a +2 dagger of holy wrath (weapon)
 n - a +1 dagger of electrocution
Armour
 a - a +0 robe (worn)
 s - a cursed +0 buckler (worn)
Jewellery
 d - an amulet of warding (around neck)
 y - a cursed ring of see invisible {unknown}
Scrolls
 f - a scroll of enchant weapon {unknown}
 m - a scroll of noise {unknown}
 o - a scroll of immolation {unknown}
 p - 3 scrolls of identify {unknown}
 q - a scroll of blinking {unknown}
 v - a scroll of random uselessness {unknown}
 x - a scroll of remove curse {unknown}
Potions
 i - a potion of flight {unknown}
 j - a potion of cure mutation {unknown}
 l - 2 potions of heal wounds {unknown}
 r - a potion of brilliance {unknown}
 u - a potion of cancellation {unknown}
 w - a potion of curing {unknown}
Books
 b - a book of Necromancy

   Spells                             Type                      Level
   a - Pain                           Necromancy                   1
   b - Animate Skeleton               Necromancy                   1
   c - Vampiric Draining              Necromancy                   3
   d - Regeneration                   Charms/Necromancy            3
   e - Animate Dead                   Necromancy                   4
   f - Control Undead                 Necromancy                   4
Comestibles
 c - 4 bread rations
 k - 2 beef jerkies
 t - 3 chunks of flesh


   Skills:
 + Level 0.4 Fighting
 + Level 2.1 Dodging
 + Level 2.1 Stealth
 + Level 3.1 Spellcasting
 + Level 4.8 Necromancy


You had 4 spell levels left.
You knew the following spells:

 Your Spells              Type           Power        Failure   Level  Hunger
a - Pain                  Necr           ###.         4%          1    None
b - Animate Skeleton      Necr           N/A          4%          1    None
c - Vampiric Draining     Necr           ###.......   14%         3    ###....


Dungeon Overview and Level Annotations

Branches:
Dungeon (3/15)

Altars:


Message History

The orc priest mumbles some strange prayers to Beogh against you.
Something smites you!
* * * LOW HITPOINT WARNING * * *
The worker ant barely misses you.
Casting: Pain
Confirm with . or Enter, or press ? or * to list all spells.
Aiming: Pain
Press: ? - help, Shift-Dir - straight line, f/p - orc priest
Aim: an orc priest, wielding a club and wearing a leather armour (almost dead, chance 78%)
The worker ant convulses in agony!
The worker ant misses you.
You swap places.
The worker ant bites your rat skeleton.
Your rat skeleton bites the worker ant.
You swap places.
The worker ant bites your rat skeleton.
You swap places.
The worker ant bites your rat skeleton!
Your rat skeleton is destroyed!
The worker ant bites your quokka skeleton. x2
Your quokka skeleton closely misses the worker ant.
The orc priest calls down the wrath of Beogh upon you.
Something smites you!
You die...

#.# ##.Z.## #Z#
##....Z## ##.##
##.......#
##...####.........
#..Z....+........)
##...####.........
##.## ##.......#
####.# ##.....##
#.@..# ##...##
#.#### ##+## #Z#
#. #Z# #. #a#
##.##


ooo ##...### #...# #....... #...# #####...#.# ..... .........Z.. You could see a
worker ant, an orc priest, an orc, a friendly quokka skeleton and a friendly
goblin skeleton.

Vanquished Creatures
  An adder (D:2)
  An orc (D:3)
  5 bats
  2 giant cockroaches
  9 hobgoblins
  9 kobolds
  3 quokkas
  3 giant newts
  12 goblins
  7 rats
52 creatures vanquished.

Vanquished Creatures (collateral kills)
  2 adders (D:2)
  A goblin (D:2)
3 creatures vanquished.

Vanquished Creatures (others)
  An adder skeleton (D:2)
  A bat skeleton (D:2)
  A goblin skeleton (D:2)
  A kobold skeleton (D:2)
  3 rat skeletons
7 creatures vanquished.

Grand Total: 62 creatures vanquished

Notes
Turn   | Place    | Note
--------------------------------------------------------------
     0 | D:1      | TMix, the Human Necromancer, began the quest for the Orb.
     0 | D:1      | Reached XP level 1. HP: 13/13 MP: 3/3
    35 | D:1      | Learned a level 1 spell: Animate Skeleton
   142 | D:1      | Reached XP level 2. HP: 8/19 MP: 0/5
   759 | D:1      | Reached XP level 3. HP: 21/24 MP: 2/6
  1110 | D:1      | Learned a level 3 spell: Vampiric Draining
  1528 | D:2      | Reached XP level 4. HP: 13/30 MP: 2/8
  2310 | D:3      | Killed from afar by an orc priest

Action                   |  1- 3 |  4- 6 || total
-------------------------+-------+-------++-------
Melee: Dagger            |    25 |       ||    25
 Cast: Pain              |    54 |    31 ||    85
       Animate Skeleton  |    13 |     6 ||    19
       Vampiric Draining |     1 |       ||     1
 Stab: Sleeping          |     1 |       ||     1
  Eat: Chunk             |     3 |     2 ||     5
